 Dungeon Crawl Stone Soup version 0.20.0 (webtiles) character file.

185256 Llamajah the Severer (level 18, -6/166 HPs)
             Began as a Hill Orc Berserker on July 27, 2017.
             Was the Champion of Trog.
             Mangled by a sixfirhy (10 damage)
             ... summoned by an orc sorcerer
             ... led by an orc knight
             ... while paralysed by an orc sorcerer
             ... on level 1 of the Vaults.
             The game lasted 02:17:13 (36961 turns).

Llamajah the Severer (Hill Orc Berserker)          Turns: 36961, Time: 02:17:15

Health: -6/166     AC: 30    Str: 29    XL:     18   Next: 3%
Magic:  27/27      EV:  2    Int: 10    God:    Trog [******]
Gold:   1344       SH:  0    Dex: 17    Spells: 17/17 levels left

rFire    + . .     SeeInvis +   x - +9 hand axe of Wyrd {chop, rPois MR- Int+2 SInv}
rCold    . . .     Gourm    +   (no shield)
rNeg     . . .     Faith    .   P - +2 plate armour {rF+}
rPois    +         Spirit   .   L - +2 helmet
rElec    .         Reflect  .   Z - +0 cloak of Elyvilon's Outrage {Dex+3} (curse)
rCorr    +         Harm     .   U - +0 pair of gloves of Juovyral {Dex+3}
MR       .....                  E - +2 pair of boots
Stlth    ..........             l - amulet of the gourmand
Regen    0.4/turn               K - ring of resist corrosion
MPRegen  0.2/turn               z - ring of the Octopus King {MP+9 AC+1 EV+1 Str+1 Int+1 Dex+1}

@: paralysed
A: no striking features
}: 1/15 runes: decaying
a: Berserk, Trog's Hand, Brothers in Arms, Burn Spellbooks, Renounce Religion


You were on level 1 of the Vaults.
You worshipped Trog.
Trog was exalted by your worship.
You were completely stuffed.

You visited 5 branches of the dungeon, and saw 28 of its levels.
You also visited: Labyrinth.

You collected 2779 gold pieces.
You spent 1435 gold pieces at shops.

Inventory:

Hand Weapons
 k - a +0 hand axe of flaming
 q - the +4 hand axe "Llamajah's Foe" {drain, rF+ Dex+4}
   (You found it on level 3 of the Swamp)

   A truly terrible weapon, it drains the life of those it strikes.
   It affects your dexterity (+4).
   It protects you from fire.
 x - the +9 hand axe of Wyrd (weapon) {chop, rPois MR- Int+2 SInv}
   (You found it on level 4 of the Dungeon)

   It inflicts extra damage upon your enemies.
   It affects your intelligence (+2).
   It protects you from poison.
   It affects your resistance to hostile enchantments.
   It lets you see invisible.
 C - the +8 frozen axe "Frostbite" {freezing cloud, *Noise +Fly rC+}
   (Trog gifted it to you on level 4 of the Swamp)

   It has been specially enchanted to freeze those struck by it, causing extra
   injury to most foes and up to half again as much damage against particularly
   susceptible opponents.
   It can also slow down cold-blooded creatures.
   It protects you from cold.
   It lets you fly.
   It may make noises in combat.
 F - a +3 broad axe of electrocution
 J - a +5 antimagic battleaxe
 T - a +0 hand crossbow of flaming
 X - the +7 hand axe of Spring {venom, rC+ MR+ Dex+2 Stlth+}
   (You found it on level 1 of the Swamp)

   It poisons the flesh of those it strikes.
   It affects your dexterity (+2).
   It protects you from cold.
   It affects your resistance to hostile enchantments.
   It makes you more stealthy.
Missiles
 e - 310 bolts
Armour
 E - a +2 pair of boots (worn)
 L - a +2 helmet (worn)
 P - a +2 plate armour of fire resistance (worn)
 U - the +0 pair of gloves of Juovyral (worn) {Dex+3}
   (You found it on level 5 of the Lair of Beasts)

   It affects your dexterity (+3).
 Z - the cursed +0 cloak of Elyvilon's Outrage (worn) {Dex+3}
   (You found it on level 14 of the Dungeon)

   It affects your dexterity (+3).
   It has a curse placed upon it.
Jewellery
 l - an amulet of the gourmand (around neck)
 t - an uncursed ring of positive energy
 u - an uncursed ring of flight
 z - a ring of the Octopus King (right hand) {MP+9 AC+1 EV+1 Str+1 Int+1 Dex+1}
   (You found it on level 5 of the Dungeon)

   [ring of magical power]

   It affects your AC (+1).
   It affects your evasion (+1).
   It affects your strength (+1).
   It affects your intelligence (+1).
   It affects your dexterity (+1).
   It affects your magic capacity (+9).
 G - a +3 ring of strength
 K - a ring of resist corrosion (left hand)
 M - the ring "Ahebrat Wuyn" {rElec rN+ MR+ Dex-3}
   (You found it on level 1 of the Vaults)

   [ring of protection from magic]

   It affects your dexterity (-3).
   It insulates you from electricity.
   It protects you from negative energy.
   It affects your resistance to hostile enchantments.
Wands
 p - a wand of digging (11/24)
Scrolls
 b - a scroll of fog
 g - 3 scrolls of fear
 o - 7 scrolls of remove curse
 y - 7 scrolls of teleportation
 A - 3 scrolls of recharging
 D - 5 scrolls of magic mapping
 I - 3 scrolls of blinking
 S - a scroll of silence
 V - 2 scrolls of summoning
 Y - 6 scrolls of identify
Potions
 a - 5 potions of ambrosia
 d - 4 potions of flight
 f - 3 potions of berserk rage
 h - 2 potions of might
 i - 4 potions of curing
 j - a potion of agility
 r - 6 potions of invisibility
 s - 2 potions of magic
 v - a potion of resistance
 w - 2 potions of heal wounds
 H - 3 potions of brilliance
 N - 3 potions of mutation
 R - 4 potions of haste
Comestibles
 c - 9 bread rations
 m - 14 royal jellies
 n - 17 meat rations
 B - 7 chunks of flesh


   Skills:
 + Level 15.8 Fighting
 * Level 19.7 Axes
 + Level 10.6 Crossbows
 + Level 14.5 Armour
 + Level 14.3 Dodging


You had 17 spell levels left.
You didn't know any spells.

Dungeon Overview and Level Annotations

Branches:
Dungeon (15/15)            Temple (0/1) D:5            Lair (6/6) D:8
  Swamp (4/4) Lair:3        Snake (0/4) Lair:2        Slime (0/5) Lair:5
    Orc (2/2) D:9             Elf (0/3) Orc:2        Vaults (1/5) D:13
 Depths (0/5) D:15

Altars:
Gozag

Shops:
D:4 [   D:5 ?   D:7 !   D:14 =   Orc:1 :   Orc:2 (!:*   Vaults:1 (


Message History

The sixfirhy hits you. The sixfirhy shocks you!
The ynoxinul gestures.
The ice devil hits you! The ice devil freezes you!!
* * * LOW HITPOINT WARNING * * *
The orc sorcerer hits you but does no damage.
The sixfirhy hits you but does no damage.
The ynoxinul disappears in a puff of smoke!
The ufetubus disappears in a puff of smoke! x7
The sixfirhy hits you.
* * * LOW HITPOINT WARNING * * *
The sixfirhy shocks you!
* * * LOW HITPOINT WARNING * * *
The sixfirhy hits you.
* * * LOW HITPOINT WARNING * * *
The sixfirhy shocks you!
* * * LOW HITPOINT WARNING * * *
The sixfirhy hits you.
* * * LOW HITPOINT WARNING * * *
The sixfirhy shocks you!
You die...

#..# ########...#.
#..#...#...#.§.#####
#..#...+...'.>.#
#..#...#...#...#
#..#§§.#...#####
#..#...#....
#..#§..#.....
#(.#o§.#......
#.(@3§.#+######
#..#4§.....
#..#§§...$.
#..#.......
#..######## #..#
#..# #..#


You could see an ice devil, a sixfirhy and an orc sorcerer.

Vanquished Creatures
  A tentacled monstrosity (Swamp:4)
  The ghost of Duelies the Tortoise, an adept MiFi of Okawaru (Swamp:3)
  Agnes (D:14)
  Kirke (Lair:6)
  3 thorn hunters
  Roxanne (Swamp:4)
  An orc warlord (D:9)
  A fire giant (D:15)
  2 very ugly things (Swamp:4)
  An entropy weaver (Vaults:1)
  An ironheart preserver (Vaults:1)
  Nessos (D:13)
  The ghost of biblin the Severer, a journeyman MiBe of Trog (D:12)
  2 green deaths (Swamp:4)
  A minotaur (Lab)
  An ogre mage (Vaults:1)
  Fannar (Lair:2)
  Harold (D:12)
  20 hydras
  2 catoblepae (D:13)
  2 ghost crabs
  A centaur warrior (D:14)
  2 dancing weapons (D:13)
  10 two-headed ogres
  12 alligators
  3 death yaks (Lair:5)
  4 tengu warriors
  3 orc high priests
  Sonja (Lair:2)
  A shadow wraith (Vaults:1)
  3 unseen horrors
  4 skeletal warriors (D:15)
  2 spriggan druids
  8 swamp dragons
  3 shambling mangroves
  Pikel (D:8)
  8 orc knights
  2 cyclopes
  5 orc sorcerers
  A deep elf mage (D:13)
  13 ugly things
  A manticore (D:13)
  Maurice (D:8)
  5 elephants (Lair:2)
  6 black mambas
  A guardian serpent (shapeshifter) (D:15)
  2 ice statues (Swamp:3)
  Psyche (D:11)
  35 spiny frogs
  2 orange demons (Swamp:4)
  4 rime drakes
  An efreet (D:14)
  2 yaktaurs
  2 komodo dragons
  3 meliai (D:15)
  A tengu conjurer (D:15)
  3 polar bears
  A wolf spider simulacrum (D:15)
  10 hornets
  5 trolls
  Grinder (D:4)
  42 slime creatures
  7 dream sheep (Lair:5)
  33 blink frogs
  9 bog bodies
  15 tyrant leeches
  10 hippogriffs
  5 shadows
  Sigmund (D:4)
  5 spriggans
  A water elemental (D:15)
  The ghost of dipablo the Sneak, an amateur SpAs (D:4)
  3 hogs (Lair:6)
  2 wyverns
  5 basilisks
  2 large abominations (Swamp:4)
  A hungry ghost (D:13)
  54 yaks
  Grum (D:9)
  A steam dragon (D:12)
  38 vampire mosquitoes
  6 insubstantial wisps (Swamp:4)
  5 wargs
  2 nagas (Lair:2)
  16 swamp worms
  8 porcupines
  An acid dragon (D:14)
  13 water moccasins
  Duvessa (D:7)
  3 ice beasts
  10 swamp drakes
  7 black bears
  4 sky beasts
  3 phantoms
  31 orc warriors
  7 wolves
  15 centaurs
  10 ogres
  15 crocodiles
  A big kobold (D:6)
  34 bullfrogs
  A gnoll sergeant (D:6)
  A wyvern zombie (D:12)
  Dowan (D:7)
  9 scorpions
  2 wyvern skeletons
  10 killer bees
  4 wights (D:10)
  3 howler monkeys (D:10)
  An electric eel (Lair:4)
  4 crimson imps
  4 centaur zombies
  5 bullfrog zombies
  2 quasits
  2 lava snakes (Lair:1)
  5 centaur skeletons
  4 hounds
  A small abomination (Swamp:4)
  29 orc priests
  3 bullfrog skeletons
  6 jellies
  25 orc wizards
  3 iguanas
  Ijyb (D:4)
  5 worker ants
  2 hound skeletons (D:5)
  2 worker ant zombies (D:10)
  A howler monkey skeleton (D:9)
  3 howler monkey zombies
  11 adders
  5 shadow imps
  6 oozes
  An adder skeleton (D:5)
  An adder zombie (D:5)
  3 worms (D:2)
  2 dart slugs
  2 leopard geckos (D:4)
  91 orcs
  2 bats (D:3)
  3 giant cockroaches
  5 goblins
  2 hobgoblins
  6 jackals
  28 kobolds
  7 quokkas
  7 frilled lizards
  A leopard gecko zombie (D:7)
  A rat (D:3)
  9 fungi
  12 plants
992 creatures vanquished.

Vanquished Creatures (collateral kills)
  An alligator (Swamp:1)
1 creature vanquished.

Vanquished Creatures (others)
  A blink frog (Lair:6)
  3 humans (Lair:6)
  A jelly (D:8)
  2 adders (D:8)
  An adder zombie (D:8)
  2 orcs
  A jackal zombie (D:8)
  20 fungi
  32 plants
63 creatures vanquished.

Grand Total: 1056 creatures vanquished

Notes
Turn   | Place    | Note
-------+----------+-------------------------------------------
     0 | D:1      | Llamajah the Hill Orc Berserker began the quest for the Orb.
     0 | D:1      | Reached XP level 1. HP: 19/19 MP: 1/1
   271 | D:1      | Reached XP level 2. HP: 20/27 MP: 2/2
  1194 | D:2      | Reached XP level 3. HP: 15/33 MP: 3/3
  2853 | D:4      | Noticed a scorpion
  2855 | D:4      | Reached XP level 4. HP: 29/40 MP: 4/4
  2862 | D:4      | Reached skill level 5 in Axes
  2862 | D:4      | Reached XP level 5. HP: 44/47 MP: 5/5
  2884 | D:4      | Noticed dipablo's ghost (amateur SpAs)
  3073 | D:4      | Killed dipablo's ghost
  3073 | D:4      | Reached skill level 5 in Fighting
  3073 | D:4      | Reached XP level 6. HP: 56/56 MP: 6/6
  3104 | D:4      | Noticed Ijyb
  3145 | D:4      | Killed Ijyb
  3188 | D:4      | Reached ** piety under Trog
  3269 | D:4      | Found Ubiusipn's Antique Armour Shop.
  3299 | D:4      | Bought a pair of glowing gloves for 195 gold pieces
  3365 | D:4      | Got an encrusted hand axe
  3366 | D:4      | Identified the +9 hand axe of Wyrd {chop, rPois MR- Int+2 SInv} (You found it on level 4 of the Dungeon)
  3377 | D:4      | Noticed a phantom
  3396 | D:4      | Killed a phantom
  3419 | D:4      | Noticed Grinder
  3420 | D:4      | Noticed a phantom
  3421 | D:4      | Noticed Sigmund
  3425 | D:4      | Paralysed by Grinder for 3 turns
  3429 | D:4      | Killed a phantom
  3429 | D:4      | Reached XP level 7. HP: 53/61 MP: 7/7
  3432 | D:4      | Killed Grinder
  3432 | D:4      | Reached skill level 6 in Axes
  3439 | D:4      | Killed Sigmund
  3439 | D:4      | Reached XP level 8. HP: 33/70 MP: 8/8
  3727 | D:5      | Entered Level 5 of the Dungeon
  3727 | D:5      | Found Affisme's Magic Scroll Boutique.
  3728 | D:5      | Got a ring of the Octopus King
  3844 | D:5      | Reached skill level 5 in Dodging
  4008 | D:5      | Noticed a two-headed ogre
  4016 | D:5      | Killed a two-headed ogre
  4016 | D:5      | Reached skill level 7 in Axes
  4016 | D:5      | Reached skill level 5 in Armour
  4016 | D:5      | Reached XP level 9. HP: 79/79 MP: 9/9
  4230 | D:5      | Found a staircase to the Ecumenical Temple.
  4284 | D:6      | Noticed a two-headed ogre
  4293 | D:6      | Killed a two-headed ogre
  4293 | D:6      | Reached skill level 8 in Axes
  4607 | D:6      | Reached *** piety under Trog
  5136 | D:7      | Reached skill level 9 in Axes
  5215 | D:7      | Found Osofrut's Distillery.
  5237 | D:7      | Noticed Duvessa
  5237 | D:7      | Noticed Dowan
  5243 | D:7      | Killed Duvessa
  5243 | D:7      | Reached XP level 10. HP: 88/88 MP: 10/10
  5253 | D:7      | Killed Dowan
  5253 | D:7      | Reached **** piety under Trog
  5495 | D:7      | Identified a ring of the Octopus King {MP+9 AC+1 EV+1 Str+1 Int+1 Dex+1} (You found it on level 5 of the Dungeon)
  5985 | D:4      | Bought a pair of embroidered boots for 195 gold pieces
  6250 | D:8      | Found a staircase to the Lair.
  6270 | D:8      | Noticed Pikel
  6277 | D:8      | Killed Pikel
  6300 | D:8      | Reached skill level 10 in Axes
  6318 | D:8      | Noticed Maurice
  6329 | D:8      | Killed Maurice
  6381 | D:8      | Reached ***** piety under Trog
  6388 | D:8      | Noticed a two-headed ogre
  6394 | D:8      | Killed a two-headed ogre
  6394 | D:8      | Reached XP level 11. HP: 82/97 MP: 11/11
  7245 | D:9      | Noticed Grum
  7259 | D:9      | Killed Grum
  7380 | D:9      | Reached skill level 1 in Crossbows
  7481 | D:9      | Received a gift from Trog
  7534 | D:9      | Reached skill level 10 in Fighting
  7691 | D:9      | Found a staircase to the Orcish Mines.
  7794 | D:8      | Noticed a two-headed ogre
  7808 | D:8      | Killed a two-headed ogre
  7936 | D:5      | Bought a scroll of enchant armour for 82 gold pieces
  7936 | D:5      | Bought a scroll of identify for 22 gold pieces
  7936 | D:5      | Bought a scroll of identify for 22 gold pieces
  7936 | D:5      | Bought a scroll of enchant armour for 82 gold pieces
  8127 | D:10     | Entered Level 10 of the Dungeon
  8168 | D:10     | Reached skill level 11 in Axes
  8800 | D:11     | Noticed a seven-headed hydra
  9197 | Lair:1   | Entered Level 1 of the Lair of Beasts
  9557 | Lair:1   | Reached skill level 10 in Dodging
  9566 | Lair:1   | Reached XP level 12. HP: 63/107 MP: 4/12
 10118 | Lair:1   | Received a gift from Trog
 10205 | Lair:1   | Noticed a five-headed hydra
 10214 | Lair:1   | Killed a five-headed hydra
 10485 | Lair:2   | Noticed Sonja
 10495 | Lair:2   | Killed Sonja
 10495 | Lair:2   | Reached skill level 10 in Armour
 10521 | Lair:2   | Reached skill level 12 in Axes
 10751 | Lair:2   | Found a staircase to the Snake Pit.
 10771 | Lair:2   | Noticed Fannar
 10799 | Lair:2   | Killed Fannar
 11426 | Lair:3   | Noticed a seven-headed hydra
 11467 | Lair:3   | Killed a seven-headed hydra
 11527 | Lair:3   | Reached XP level 13. HP: 53/116 MP: 12/13
 11575 | Lair:3   | Found a staircase to the Swamp.
 11592 | Lair:3   | Found a labyrinth entrance.
 11606 | Lab      | Entered a labyrinth
 12092 | Lab      | Noticed a minotaur
 12102 | Lab      | Killed a minotaur
 12102 | Lab      | Reached skill level 5 in Crossbows
 12132 | Lab      | Identified Sif Muna's Volume of the Frostbite
 13061 | Lair:4   | Reached skill level 13 in Axes
 13794 | Lair:5   | Received a gift from Trog
 14210 | Lair:5   | Got a faintly glowing quarterstaff
 14211 | Lair:5   | Identified the +8 quarterstaff of Daymany {crush, rElec rC- Str+10 Dex-2} (You found it on level 5 of the Lair of Beasts)
 14272 | Lair:5   | Got a scorched scale mail
 14283 | Lair:5   | Identified the cursed +0 scale mail "Diqewiro" {*Corrode Str+5} (You found it on level 5 of the Lair of Beasts)
 14445 | Lair:5   | Got a pair of fine gloves
 14456 | Lair:5   | Identified the +0 pair of gloves of Juovyral {Dex+3} (You found it on level 5 of the Lair of Beasts)
 14931 | Lair:5   | Found a staircase to the Slime Pits.
 15017 | Lair:6   | Entered Level 6 of the Lair of Beasts
 15043 | Lair:6   | Noticed Kirke
 15242 | Lair:6   | Reached XP level 14. HP: 127/127 MP: 14/14
 15245 | Lair:6   | Killed Kirke
 16114 | Lair:6   | Received a gift from Trog
 16122 | Lair:6   | Reached skill level 14 in Axes
 16853 | Lair:6   | Received a gift from Trog
 18086 | D:7      | Bought 2 potions of invisibility for 224 gold pieces
 18086 | D:7      | Bought a potion of might for 56 gold pieces
 18185 | Orc:1    | Entered Level 1 of the Orcish Mines
 18210 | Orc:1    | Noticed an orc warlord
 18620 | D:9      | Killed an orc warlord
 18733 | Orc:1    | Paralysed by an orc sorcerer for 5 turns
 19132 | Orc:1    | Found Efidiube's Book Shop.
 19271 | Orc:2    | Entered Level 2 of the Orcish Mines
 19293 | Orc:2    | Reached skill level 15 in Axes
 19359 | Orc:2    | Received a gift from Trog
 19560 | Orc:2    | Reached XP level 15. HP: 136/136 MP: 15/15
 19567 | Orc:2    | Reached ****** piety under Trog
 19573 | Orc:2    | Received a gift from Trog
 20256 | Orc:2    | Found a staircase to the Elven Halls.
 20384 | Orc:2    | Paralysed by an orc sorcerer for 7 turns
 20400 | Orc:2    | Paralysed by an orc sorcerer for 6 turns
 20838 | Orc:2    | Paralysed by an orc sorcerer for 6 turns
 20845 | Orc:2    | Received a gift from Trog
 21161 | Orc:2    | Found Meexudusadd's Assorted Antiques.
 21161 | Orc:2    | Found Funesuog's Weapon Shoppe.
 21357 | Orc:2    | Found Kuejeqee's Book Boutique.
 21357 | Orc:2    | Found Wipnus's Distillery.
 21381 | Orc:2    | Bought a potion of curing for 93 gold pieces
 21381 | Orc:2    | Bought a scroll of blinking for 232 gold pieces
 21381 | Orc:2    | Bought a shiny helmet for 232 gold pieces
 21913 | D:11     | Noticed Psyche
 21922 | D:11     | Killed Psyche
 22460 | D:11     | Received a gift from Trog
 22463 | D:11     | Got a faintly glowing battleaxe {god gift}
 22464 | D:11     | Identified the +3 battleaxe of Oklobyce {chop, rC+} (Trog gifted it to you on level 11 of the Dungeon)
 22525 | D:12     | Noticed Harold
 22539 | D:12     | Killed Harold
 22546 | D:12     | Noticed biblin's ghost (journeyman MiBe)
 22564 | D:12     | Killed biblin's ghost
 22872 | D:12     | Found an opulent altar of Gozag.
 23103 | D:13     | Reached skill level 16 in Axes
 23478 | D:13     | Received a gift from Trog
 23535 | D:13     | Found a gate to the Vaults.
 24347 | D:14     | Noticed Nessos
 24376 | D:13     | Killed Nessos
 24995 | D:14     | Noticed Agnes
 24996 | D:14     | Found Rerad's Jewellery Boutique.
 25013 | D:14     | Killed Agnes
 25192 | D:14     | Got a fine cloak
 25203 | D:14     | Identified the cursed +0 cloak of Elyvilon's Outrage {Dex+3} (You found it on level 14 of the Dungeon)
 25446 | D:14     | Reached XP level 16. HP: 125/146 MP: 16/16
 25479 | D:14     | Got an iridescent war axe
 25480 | D:14     | Identified the +6 war axe of Uskayaw's Vengeance {chop, Stlth+} (You found it on level 14 of the Dungeon)
 25566 | D:15     | Entered Level 15 of the Dungeon
 25771 | D:15     | Reached skill level 17 in Axes
 26065 | D:15     | Found a staircase to the Depths.
 27386 | Swamp:1  | Entered Level 1 of the Swamp
 28046 | Swamp:1  | Received a gift from Trog
 28583 | Swamp:1  | Got a bone hand axe
 28584 | Swamp:1  | Identified the +7 hand axe of Spring {venom, rC+ MR+ Dex+2 Stlth+} (You found it on level 1 of the Swamp)
 29095 | Swamp:2  | You fall through a shaft!
 29095 | Swamp:3  | Found a frozen archway.
 30070 | Swamp:2  | Received a gift from Trog
 30073 | Swamp:2  | Got a fine executioner's axe {god gift}
 30077 | Swamp:2  | Identified the +4 executioner's axe of the Sky {venom, +Fly Str-2 SInv} (Trog gifted it to you on level 2 of the Swamp)
 30698 | Swamp:2  | Reached skill level 18 in Axes
 30895 | Swamp:3  | Got a slimy hand axe
 30896 | Swamp:3  | Identified the +4 hand axe "Llamajah's Foe" {drain, rF+ Dex+4} (You found it on level 3 of the Swamp)
 30924 | Swamp:3  | Noticed a thorn hunter
 30931 | Swamp:3  | Noticed Duelies's ghost (adept MiFi)
 30947 | Swamp:3  | Killed a thorn hunter
 31122 | Swamp:3  | Killed Duelies's ghost
 31475 | Swamp:3  | Reached XP level 17. HP: 104/154 MP: 17/17
 32190 | Swamp:4  | Entered Level 4 of the Swamp
 32212 | Swamp:4  | Reached skill level 15 in Fighting
 32684 | Swamp:4  | Reached skill level 10 in Crossbows
 32724 | Swamp:4  | Noticed a tentacled monstrosity
 32745 | Swamp:4  | Killed a tentacled monstrosity
 32829 | Swamp:4  | Received a gift from Trog
 33644 | Swamp:4  | Reached skill level 19 in Axes
 34622 | Swamp:4  | Got a decaying rune of Zot
 34854 | Swamp:4  | Noticed Roxanne
 35094 | Swamp:4  | Killed Roxanne
 35859 | D:9      | Received a gift from Trog
 36023 | Vaults:1 | Entered Level 1 of the Vaults
 36024 | Vaults:1 | Paralysed by an ogre mage for 2 turns
 36809 | Vaults:1 | Reached XP level 18. HP: 144/166 MP: 18/18
 36857 | Vaults:1 | Found Iphidogum's Antique Weapon Boutique.
 36874 | Vaults:1 | Got a crude wooden ring
 36917 | Vaults:1 | Identified the ring "Ahebrat Wuyn" {rElec rN+ MR+ Dex-3} (You found it on level 1 of the Vaults)
 36955 | Vaults:1 | Paralysed by an orc sorcerer for 7 turns
 36961 | Vaults:1 | HP: 6/166 [sixfirhy[an orc knight] (9)]
 36961 | Vaults:1 | Mangled by a sixfirhy

Skill      XL: |  1  2  3  4  5  6  7  8  9 10 11 12 13 14 15 16 17 |
---------------+----------------------------------------------------+-----
Dodging        | 2 3 4 6 7 9 10 11 12 13 14 | 14.3
Fighting       | 4 5 7 8 9 10 11 12 13 14 15 | 15.8
Axes           | 5 6 7 9 10 11 12 13 15 16 18 19 | 19.7
Armour         | 3 4 5 7 8 9 10 11 12 13 14 | 14.5
Crossbows      | 2 4 6 7 8 9 10 | 10.6

Action                   |  1- 3 |  4- 6 |  7- 9 | 10-12 | 13-15 | 16-18 || total
-------------------------+-------+-------+-------+-------+-------+-------++-------
Melee: Hand axe          |   124 |    88 |   205 |   599 |  1396 |  1362 ||  3774
       Unarmed           |       |    12 |       |       |       |       ||    12
       Battleaxe         |       |       |       |       |    20 |    36 ||    56
       Morningstar       |       |       |       |       |    73 |       ||    73
       Executioner's axe |       |       |       |       |    14 |       ||    14
 Fire: Hand crossbow     |       |       |       |    40 |     6 |     6 ||    52
Invok: Berserk           |     1 |     4 |     3 |     4 |    18 |    15 ||    45
       Trog's Hand       |       |       |       |     2 |       |       ||     2
       Burn Spellbooks   |       |       |       |     3 |     3 |     2 ||     8
       Brothers in Arms  |       |       |       |       |       |     1 ||     1
  Use: Scroll            |    11 |     2 |     3 |    12 |     6 |     8 ||    42
       Potion            |       |       |       |       |     8 |     8 ||    16
 Stab: Distracted        |       |       |       |     1 |       |     3 ||     4
       Confused          |       |       |       |       |       |     2 ||     2
  Eat: Chunk             |     7 |     4 |     9 |    25 |    45 |    54 ||   144
       Fruit             |       |       |       |       |    11 |     8 ||    19
       Royal jelly       |       |       |       |       |     7 |       ||     7
       Meat ration       |       |       |       |       |     1 |       ||     1
Armor: Animal skin       |     6 |       |       |       |       |       ||     6
       Chain mail        |    48 |    41 |    49 |    90 |       |       ||   228
       Plate armour      |       |       |       |   219 |   726 |   631 ||  1576
Dodge: Dodged            |    59 |    34 |    92 |   373 |   970 |  1023 ||  2551
